AoeStats
← Fedex087

Arena

510187730Analyzed
3v3 RM · 18h ago on Sep 29, 2026· 49m 21s· 6 players
Game mode
Random Map
Map size
Normal (6 player)
Population
200
Speed
Normal
Resources
Standard
Victory
Conquest
Starting age
Dark Age
Ending age
Imperial Age
RankedLock teamsTeams togetherTeam positionsShared explorationLock speedFull tech treeHidden civsTurbo modeCheats
Victory
Defeat
🇨🇳 Mongols · China
1236
+11
🇦🇷 Teutons · Argentina
1151
+15
🇩🇪 Poles · Germany
1035
+19
🇵🇹 Ethiopians · Portugal
1132
-16
🇨🇭 Gurjaras · Switzerland
1125
-15
🇵🇹 Mongols · Portugal
1103
-14
Fedex087
10:53 Feudal Age
11:14 Horse Collar
16:40 Castle Age
15:03 Double-Bit Axe
17:35 Wheelbarrow
20:45 Town Watch
22:37 Heavy Plow
24:24 Hand Cart
28:51 Imperial Age
26:42 Gold Mining
27:28 Scale Mail Armor
27:39 Forging
28:44 Chain Mail Armor
28:32 Gambesons
28:48 Squires
28:34 Arson
29:55 Conscription
31:35 Plate Mail Armor
32:17 Crop Rotation
32:31 Bloodlines
33:52 Cavalier
34:40 Scale Barding Armor
35:11 Iron Casting
35:13 Loom
35:56 Paladin
37:43 Chain Barding Armor
39:02 Fletching
40:13 Blast Furnace
40:30 Caravan
42:43 Elite Skirmisher
43:32 Elite Teutonic Knight
44:58 Plate Barding Armor
46:32 Fletching
46:42 Padded Archer Armor
48:09 Bodkin Arrow
48:29 Leather Archer Armor
Laying Down
7:39 Loom
10:33 Feudal Age
15:18 Castle Age
14:05 Double-Bit Axe
14:01 Horse Collar
15:51 Forging
17:46 Bow Saw
20:42 Heavy Plow
24:55 Town Watch
27:46 Imperial Age
25:18 Gold Mining
25:19 Stone Mining
26:57 Caravan
27:28 Coinage
27:22 Light Cavalry
28:14 Bloodlines
28:18 Husbandry
28:55 Iron Casting
28:26 Scale Barding Armor
29:36 Crop Rotation
31:00 Stone Shaft Mining
32:41 Blast Furnace
32:02 Chain Barding Armor
31:06 Winged Hussar
31:48 Cavalier
32:31 Scale Mail Armor
32:33 Padded Archer Armor
32:23 Fletching
34:04 Wheelbarrow
34:23 Szlachta Privileges
34:27 Town Patrol
35:46 Chemistry
36:09 Hand Cart
39:03 Elite Skirmisher
39:50 Thumb Ring
40:02 Leather Archer Armor
39:43 Bodkin Arrow
41:22 Fortified Wall
41:11 Murder Holes
42:14 Hoardings
41:55 Bracer
49:45 Ballistics
pickmyself or end
10:07 Feudal Age
11:57 Double-Bit Axe
11:55 Horse Collar
14:50 Castle Age
15:51 Bow Saw
16:08 Heavy Plow
16:59 Wheelbarrow
19:36 Loom
20:31 Fervor
20:49 Stone Mining
23:30 Town Watch
24:42 Hand Cart
24:38 Gold Mining
28:13 Imperial Age
27:00 Fletching
27:11 Padded Archer Armor
28:12 Stone Shaft Mining
28:27 Thumb Ring
28:20 Bodkin Arrow
28:40 Leather Archer Armor
29:29 Gold Shaft Mining
29:37 Conscription
28:41 Elite Mangudai
30:02 Ballistics
30:42 Chemistry
29:13 Light Cavalry
29:55 Husbandry
30:14 Bracer
30:27 Forging
30:57 Parthian Tactics
31:02 Bloodlines
31:32 Scale Barding Armor
32:02 Iron Casting
30:48 Capped Ram
31:42 Masonry
32:01 Fortified Wall
32:37 Chain Barding Armor
31:47 Hussar
33:46 Blast Furnace
36:28 Siege Engineers
36:49 Drill
44:31 Caravan
45:14 Siege Ram
wiiz
10:59 Feudal Age
14:35 Castle Age
12:30 Double-Bit Axe
16:55 Bow Saw
18:43 Horse Collar
20:22 Gold Mining
21:10 Wheelbarrow
20:59 Heavy Plow
23:37 Gold Shaft Mining
23:25 Town Watch
24:02 Hand Cart
25:12 Loom
28:56 Imperial Age
27:31 Stone Mining
28:09 Fletching
28:41 Ballistics
27:57 Crossbowman
28:42 Thumb Ring
29:44 Stone Shaft Mining
30:27 Bodkin Arrow
29:53 Arbalester
31:35 Chemistry
31:17 Bracer
31:19 Padded Archer Armor
32:38 Two-Man Saw
33:07 Leather Archer Armor
34:43 Scale Barding Armor
maxii
9:03 Feudal Age
15:47 Castle Age
14:00 Double-Bit Axe
14:37 Horse Collar
16:17 Bloodlines
16:45 Husbandry
17:41 Heavy Plow
21:41 Bow Saw
24:28 Fletching
24:35 Stone Mining
24:35 Gold Mining
26:01 Padded Archer Armor
27:47 Wheelbarrow
30:32 Imperial Age
28:40 Leather Archer Armor
29:57 Bodkin Arrow
30:14 Scale Barding Armor
30:34 Scale Barding Armor
31:22 Hand Cart
32:36 Chemistry
31:59 Ballistics
31:47 Light Cavalry
32:51 Forging
32:42 Bracer
33:03 Chain Barding Armor
33:37 Conscription
33:33 Hussar
34:27 Elite Mangudai
37:51 Scale Mail Armor
38:26 Iron Casting
40:08 Blast Furnace
FreakinAndry
11:01 Feudal Age
12:12 Double-Bit Axe
15:01 Castle Age
15:52 Horse Collar
16:33 Bow Saw
22:05 Wheelbarrow
21:17 Loom
21:18 Town Watch
24:32 Hand Cart
25:25 Forging
25:15 Scale Mail Armor
25:23 Scale Barding Armor
29:10 Imperial Age
28:12 Iron Casting
27:57 Chain Barding Armor
28:38 Husbandry
30:46 Bloodlines
29:56 Light Cavalry
29:57 Heavy Camel Rider
30:47 Hussar
30:54 Hussar
31:55 Gold Mining
31:56 Stone Mining
33:33 Plate Barding Armor
35:13 Conscription
34:59 Kshatriyas
Connection lost

Rejoining the realm…

Still unreachable

The connection could not be restored.

Session expired

The server has moved on; the page needs a fresh start.